 Dungeon Crawl Stone Soup version 0.28.0-45-g0d030f2227 (webtiles) character file.

Game seed: 12895568466886479567

2263 sanboga the Chopper (level 9, -10/56 HPs)
             Began as a Gargoyle Fighter on Apr 17, 2022.
             Shot with a sling bullet by Joseph (15 damage)
             ... on level 7 of the Dungeon.
             The game lasted 00:08:51 (5842 turns).

sanboga the Chopper (Gargoyle Fighter)              Turns: 5842, Time: 00:08:52

Health: -10/56     AC: 16    Str: 25    XL:     9   Next: 38%
Magic:  9/9        EV:  9    Int:  8    God:
Gold:   77         SH:  5    Dex:  9    Spells: 8/8 levels left

rFire   + . .      SeeInvis .   a - +0 war axe (venom)
rCold   x . .      Faith    .   c - +0 buckler
rNeg    + . .      Spirit   .   b - +0 scale mail
rPois   ∞          Reflect  .   d - +0 helmet
rElec   +          Harm     .   e - +0 cloak
rCorr   .          Rampage  .   (no gloves)
Will    .....                   (no boots)
Stlth   ..........              (no amulet)
HPRegen 0.18/turn               j - ring of fire
MPRegen 0.11/turn               (no ring)

@: no status effects
A: sickness immunity, AC +6, negative energy resistance 1, electricity
resistance, torment resistance 1, petrification resistance
a: no special abilities


You were on level 7 of the Dungeon.
You visited 1 branch of the dungeon, and saw 7 of its levels.

You collected 417 gold pieces.
You spent 340 gold pieces at shops.

Inventory:

Hand Weapons
 a - a +0 war axe of venom (weapon)
Armour
 b - a +0 scale mail (worn)
 c - a +0 buckler (worn)
 d - a +0 helmet (worn)
 e - a +0 cloak (worn)
 u - a +0 plate armour
Jewellery
 j - a ring of fire (left hand)
Wands
 t - a wand of mindburst (8)
Scrolls
 h - 5 scrolls of teleportation
 k - 2 scrolls of enchant armour {unknown}
 l - a scroll of enchant weapon {unknown}
 m - a scroll of fog {unknown}
 o - 2 scrolls of blinking
 q - 2 scrolls of fear
 r - 2 scrolls of holy word {unknown}
Potions
 f - 2 potions of flight
 g - a potion of mutation
 i - a potion of cancellation
 n - a potion of curing
 p - a potion of heal wounds
 s - 2 potions of haste {unknown}


   Skills:
 + Level 6.8 Fighting
 * Level 7.3 Axes
 + Level 6.8 Armour
 + Level 6.8 Shields


You had 8 spell levels left.
You didn't know any spells.
Your spell library contained the following spells:

 Spells                   Type           Power      Damage    Failure   Level
 Confusing Touch          Hex            0%         N/A       98%         3
 Frozen Ramparts          Ice            0%         1d2       98%         3
 Gell's Gravitas          Tloc           0%         N/A       98%         3
 Lesser Beckoning         Tloc           0%         N/A       98%         3
 Teleport Other           Tloc           0%         N/A       98%         3
 Ice Form                 Ice/Tmut       0%         N/A       100%        4
 Petrify                  Tmut/Erth      0%         N/A       100%        4
 Summon Ice Beast         Ice/Summ       0%         N/A       100%        4
 Irradiate                Conj/Tmut      0%         3d14      100%        5
 Yara's Violent Unravell  Hex/Tmut       0%         3d3       100%        5
 Enfeeble                 Hex            0%         N/A       100%        7
 Sublimation of Blood     Necr           Unusable   N/A       N/A         2

Dungeon Overview and Level Annotations

Branches:
Dungeon (7/15)
 Temple: D:4-7

Altars:
Cheibriados

Shops:
D:3 [   D:5 ?   D:6 *

Annotations:
D:7 Joseph


Innate Abilities, Weirdness & Mutations

You are immune to sickness and miasma.
Your stone body is resilient. (AC +6)
You are immune to poison.
You resist negative energy. (rN+)
You are resistant to electric shocks. (rElec)
You are resistant to unholy torment.
You are immune to petrification.


Message History

The orc warrior is lightly wounded.
You hear the quick creaking of a very distant portcullis.
The orc warrior hits you with a +2 long sword of holy wrath!
The orc warrior barely misses you.
You hit the orc warrior but do no damage.
The orc warrior looks as sick as possible!
The orc warrior is lightly wounded.
The orc warrior hits you with a +2 long sword of holy wrath!
You barely miss the orc warrior.
The orc warrior is moderately wounded.
The orc warrior closely misses you.
You hit the orc warrior but do no damage.
The orc warrior is moderately wounded.
The orc warrior hits you with a +2 long sword of holy wrath!
* * * LOW HITPOINT WARNING * * *
You barely miss the orc warrior.
The orc warrior is severely wounded.
The orc warrior hits you but does no damage.
Found 11 stones.
The orc warrior hits you with a +2 long sword of holy wrath.
Found 18 gold pieces.
You kill the orc warrior!
You now have 68 gold pieces (gained 18).
You now have enough gold to buy a scroll of enchant armour on D:5, or buy a scroll of blinking on D:5.
You can access your shopping list by pressing '$'.
You now have 77 gold pieces (gained 9).
Things that are here:
a +2 long sword of holy wrath; a +0 plate armour; an orc corpse
u - a +0 plate armour
Found a stone staircase leading down.
You see here 11 stones.
A kobold zombie and Joseph come into view.
Joseph is wielding a +0 quarterstaff and carrying a wand of iceblast (6).
Joseph shouts!
Joseph unwields a +0 quarterstaff.
Joseph wields a +0 hunting sling.
Joseph shoots a sling bullet.
The sling bullet hits you!
* * * LOW HITPOINT WARNING * * *
A kobold zombie comes into view. x3
Joseph shoots a sling bullet.
The sling bullet hits you!
You die... #... ..## ..
Z.Z

... ..##.Z##..#
#...Z.....# #.#
#@.......# #.#
#........# #..
##........# #..
.......@# ## #.#
###.###.#.##.#.# ##
.##.###(#.##.#.###....
...>..................
.######.######.###.###
#.........)...#
#.###...#######
#.#.....# #.#.#.#.#


You could see Joseph and 4 kobold zombies.

Vanquished Creatures
  Harold (D:6)
  An orc warrior (D:7)
  2 black bears
  2 ice beasts
  An ogre (D:5)
  A necrophage (D:7)
  A phantom (D:5)
  A bullfrog (D:7)
  2 scorpions
  A wyvern skeleton (D:6)
  A water moccasin skeleton (D:4)
  2 bullfrog zombies (D:6)
  A bullfrog skeleton (D:6)
  A centaur skeleton (D:7)
  A hound (D:4)
  Crazy Yiuf (D:2)
  3 orc priests
  Jessica (D:2)
  2 orc wizards
  A killer bee zombie (D:6)
  A hound zombie (D:5)
  A hound skeleton (D:5)
  Robin (D:2)
  A gnoll (D:1)
  A howler monkey zombie (D:6)
  7 adders
  2 shadow imps (D:5)
  2 white imps (D:5)
  2 worms
  3 dart slugs
  20 orcs
  4 endoplasms
  5 giant cockroaches
  18 goblins
  8 hobgoblins
  7 kobolds
  6 quokkas
  6 ball pythons
  5 bats
  A frilled lizard (D:1)
  4 rats
132 creatures vanquished.

Vanquished Creatures (others)
  4 fungi (D:2)
4 creatures vanquished.

Grand Total: 136 creatures vanquished

Notes
Turn   | Place    | Note
-------+----------+-------------------------------------------
     0 | D:1      | sanboga the Gargoyle Fighter began the quest for the Orb.
     0 | D:1      | Reached XP level 1. HP: 14/14 MP: 1/1
   108 | D:1      | Reached skill level 2 in Axes
   112 | D:1      | Reached XP level 2. HP: 15/19 MP: 2/2
   484 | D:1      | Reached XP level 3. HP: 21/23 MP: 3/3
  1055 | D:2      | Found a snail-covered altar of Cheibriados.
  1157 | D:2      | Noticed Robin
  1168 | D:2      | Reached XP level 4. HP: 8/29 MP: 4/4
  1173 | D:2      | Killed Robin
  1458 | D:2      | Noticed Jessica
  1463 | D:2      | Killed Jessica
  1464 | D:2      | Reached skill level 3 in Axes
  1627 | D:2      | Found a faded altar of an unknown god.
  1664 | D:2      | Found a runed translucent door.
  1665 | D:2      | Noticed Crazy Yiuf
  1816 | D:2      | Killed Crazy Yiuf
  1817 | D:2      | Reached XP level 5. HP: 17/33 MP: 5/5
  2005 | D:3      | Identified the +1 robe of Decompression {Regen+ Dex+7}
  2397 | D:3      | Found Secsiski's Armour Boutique.
  2816 | D:4      | Reached XP level 6. HP: 22/38 MP: 6/6
  3189 | D:4      | Reached skill level 4 in Axes
  3396 | D:5      | Entered Level 5 of the Dungeon
  3436 | D:5      | Reached XP level 7. HP: 25/44 MP: 7/7
  3655 | D:5      | Reached skill level 5 in Armour
  3661 | D:5      | Reached skill level 5 in Fighting
  3661 | D:5      | Reached skill level 5 in Shields
  3682 | D:5      | Found Tehuuggaxe's Magic Scroll Boutique.
  3704 | D:5      | Bought a scroll of blinking for 75 gold pieces
  3704 | D:5      | Bought a scroll of brand weapon for 200 gold pieces
  3869 | D:5      | Bought a scroll of fear for 35 gold pieces
  3965 | D:5      | Reached skill level 5 in Axes
  4286 | D:5      | Bought a scroll of teleportation for 30 gold pieces
  4306 | D:6      | Reached XP level 8. HP: 41/50 MP: 8/8
  5300 | D:6      | Found Emuef's Serpentskin Sales.
  5417 | D:7      | Noticed Harold
  5451 | D:6      | Killed Harold
  5452 | D:6      | Reached skill level 6 in Axes
  5452 | D:6      | Reached XP level 9. HP: 19/56 MP: 9/9
  5749 | D:7      | Reached skill level 7 in Axes
  5841 | D:7      | Noticed Joseph
  5842 | D:7      | Shot with a sling bullet by Joseph

Illustrated notes

Levels and vault maps discovered:
D:1:      eino_arrival_cavern_b, layout_loops_ring, chequers_decorated_corner
D:2:      layout_rooms, basic_altar, ebering_ecumenical_altar_sacrificial,
          uniq_robin, uniq_crazy_yiuf_cottage, uniq_jessica
D:3:      layout_basic, serial_shops, nicolae_shop_statue_plus,
          minmay_starry_boxes
D:4:      layout_rooms, minmay_goblin_kobold_house
D:5:      layout_cave_pools, serial_shops, nicolae_shop_statue_plus
D:6:      layout_gridville, guppyfry_shop_venom
D:7:      layout_basic, minmay_temple_entry_offerings,
          lightli_bailey_entry_fortress, serial_shops, shop,
          minmay_mini_ossuary, uniq_maggie, uniq_harold, uniq_joseph

Skill      XL: |  1  2  3  4  5  6  7  8  9 |
---------------+----------------------------+-----
Axes           | 2 3 4 5 6 7 |  7.3
Fighting       | 4 5 6 |  6.8
Armour         | 4 5 6 |  6.8
Shields        | 4 5 6 |  6.8

Action                   |  1- 3 |  4- 6 |  7- 9 || total
-------------------------+-------+-------+-------++-------
Melee: War axe           |    78 |   163 |   149 ||   390
  Use: Potion            |     1 |     2 |     2 ||     5
       Scroll            |       |     8 |     2 ||    10
Armor: Scale mail        |    63 |    95 |    97 ||   255
       Skin              |       |    17 |       ||    17
Dodge: Dodged            |    27 |    70 |    77 ||   174
Block: Buckler           |    16 |    42 |    45 ||   103
